 Dungeon Crawl Stone Soup version 0.27-a0-1188-g73eefd5def (webtiles) character file.

Game seed: 4352235840962196175

293 Marbellizer the Slasher (level 6, 0/56 HPs)
             Began as a Minotaur Berserker on May 21, 2021.
             Was a Believer of Trog.
             Killed by divine providence
             ... invoked by an orc priest
              (11 damage)
             ... on level 3 of the Dungeon.
             The game lasted 00:06:31 (3377 turns).

Marbellizer the Slasher (Minotaur Berserker)        Turns: 3377, Time: 00:06:32

Health: 0/56       AC:  3    Str: 23    XL:     6   Next: 11%
Magic:  5/5        EV: 12    Int:  4    God:    Trog [**....]
Gold:   113        SH:  0    Dex: 10    Spells: 5/5 levels left

rFire    . . .     SeeInvis .   a - +0 falchion
rCold    . . .     Faith    .   (no shield)
rNeg     . . .     Spirit   .   b - +0 animal skin
rPois    .         Reflect  .   (helmet restricted)
rElec    .         Harm     .   (no cloak)
rCorr    .         Rampage  .   g - +0 pair of gloves
Will     .....                  (no boots)
Stlth    +.........             (no amulet)
HPRegen  0.18/turn              (no ring)
MPRegen  0.09/turn              (no ring)

@: no status effects
A: horns 2, retaliatory headbutt
a: Renounce Religion, Berserk, Trog's Hand


You were on level 3 of the Dungeon.
You worshipped Trog.
Trog was pleased with you.
You visited 1 branch of the dungeon, and saw 3 of its levels.

You collected 113 gold pieces.

Inventory:

Hand Weapons
 a - a +0 falchion (weapon)
 d - a +0 giant club
Armour
 b - a +0 animal skin (worn)
 g - a +0 pair of gloves (worn)
Scrolls
 c - a scroll of identify {unknown}
 e - a scroll of teleportation {unknown}


   Skills:
 + Level 5.5 Fighting
 + Level 6.1 Long Blades
 + Level 2.8 Armour
 + Level 3.3 Dodging
 + Level 1.0 Stealth


You had 5 spell levels left.
You didn't know any spells.
Your spell library was empty.

Dungeon Overview and Level Annotations

Branches:
Dungeon (3/15)

Altars:


Innate Abilities, Weirdness & Mutations

You have a pair of horns on your head.
You reflexively headbutt those who attack you in melee.


Message History

* * * LOW HITPOINT WARNING * * *
The orc priest looks satisfied for a moment.
You closely miss something.
You hear some strange, mumbled words.
You are confused.
The orc priest calls down the wrath of Beogh upon you.
Something writhes in agony.
You bump into the rock wall.
Something hits you but does no damage.
The orc priest calls down the wrath of Beogh upon you.
You bump into the rock wall.
You hear some strange, mumbled words.
A magic dart appears from out of thin air!
The magic dart hits you.
* * * LOW HITPOINT WARNING * * *
You bump into the rock wall.
Something hits you.
* * * LOW HITPOINT WARNING * * *
It was a potion of curing.
You feel better. Something hits you but does no damage.
You slash something! Trog accepts your kill.
Trog appreciates your killing of a magic user.
Reactivating autopickup.
You feel a bit more experienced.
You slash the frilled lizard!
You kill the frilled lizard!
Trog accepts your kill.
You hit the orc priest but do no damage.
You headbutt the orc priest.
The orc priest is heavily wounded.
The orc priest barely misses you.
You riposte.
You hit the orc priest.
The orc priest is heavily wounded.
You hit the orc priest but do no damage.
The orc priest is heavily wounded.
The orc priest hits you with a +0 club.
* * * LOW HITPOINT WARNING * * *
You hit the orc priest.
The orc priest is severely wounded.
The orc priest mumbles some strange prayers to Beogh against you.
Beogh smites you!
You die...

#.....#
#.....#
##+##....(####
#............#
#.........(..#
#............#
#.o..........#
##o###########
#@# #.# #.#
#.# .# #.....
#.#
.##........
#.# ........
... #.#
......#
##.####.#####
......#
.[..........#


You could see 2 orc priests.

Vanquished Creatures
  An ogre (D:2)
  Jessica (D:2)
  Terence (D:2)
  An orc wizard (D:3)
  8 adders
  An ufetubus (D:2)
  2 dart slugs
  An orc (D:3)
  2 bats
  2 endoplasms (D:2)
  3 giant cockroaches (D:1)
  5 goblins
  3 hobgoblins
  4 kobolds
  4 quokkas (D:1)
  13 ball pythons
  5 frilled lizards
  3 rats
60 creatures vanquished.

Notes
Turn   | Place    | Note
-------+----------+-------------------------------------------
     0 | D:1      | Marbellizer the Minotaur Berserker began the quest for the
                  | Orb.
     0 | D:1      | Reached XP level 1. HP: 19/19 MP: 0/0
   277 | D:1      | Reached XP level 2. HP: 22/27 MP: 1/1
   366 | D:1      | Reached skill level 4 in Long Blades
   699 | D:1      | Found a faded altar of an unknown god.
  1127 | D:1      | Reached XP level 3. HP: 33/33 MP: 2/2
  1228 | D:2      | Reached ** piety under Trog
  1282 | D:2      | Noticed an ogre
  1286 | D:2      | Killed an ogre
  1287 | D:2      | Reached skill level 5 in Long Blades
  1287 | D:2      | Reached XP level 4. HP: 15/41 MP: 3/3
  1556 | D:2      | Noticed Terence
  1565 | D:2      | Killed Terence
  1566 | D:2      | Reached skill level 5 in Fighting
  1566 | D:2      | Reached XP level 5. HP: 10/48 MP: 4/4
  1893 | D:2      | Noticed Jessica
  1903 | D:2      | Killed Jessica
  2701 | D:2      | Reached skill level 6 in Long Blades
  3348 | D:3      | Reached skill level 1 in Stealth
  3348 | D:3      | Reached XP level 6. HP: 43/56 MP: 5/5
  3377 | D:3      | Killed from afar by an orc priest

Illustrated notes

Levels and vault maps discovered:
D:1:      dpeg_arrival_arbitrary_a, layout_basic,
          shapermc_ecumenical_altar_notcrosses, minmay_pentomino_w2
D:2:      layout_loops_ring, st_stairs_6, hangedman_abyss_or_decor_lesser_grid,
          minmay_snake_closets, uniq_jessica, uniq_terence
D:3:      layout_basic

Skill      XL: |  1  2  3  4  5 |
---------------+----------------+-----
Long Blades    | 4 5 6 |  6.1
Fighting       | 4 5 |  5.5
Dodging        | 3 |  3.3
Stealth        | 1 |  1.0
Armour         | |  2.8

Action                   |  1- 3 |  4- 6 || total
-------------------------+-------+-------++-------
Melee: Falchion          |    58 |    71 ||   129
       Headbutt          |    12 |    16 ||    28
  Use: Potion            |       |     1 ||     1
 Stab: Sleeping          |       |     3 ||     3
Armor: Animal skin       |    10 |    15 ||    25
Dodge: Dodged            |    49 |    43 ||    92
       Rpst.: Falchion   |    11 |    10 ||    21

Table legend: (Time is in decaauts)
 A = Elapsed time spent in this place.
 B = Non-inter-level travel time spent in this place.
 C = Inter-level travel time spent in this place.
 D = Time resting spent in this place.
 E = Time spent auto-exploring this place.
 F = Levels seen in this place.
 G = Mean time per level.
                   A        B        C        D        E       F      G
               +--------+--------+--------+--------+--------+-----+--------+
         Total |   3387 |   3017 |    370 |    233 |   2432 |   3 | 1129.0 |
       Dungeon |   3387 |   3017 |    370 |    233 |   2432 |   3 | 1129.0 |
               +--------+--------+--------+--------+--------+-----+--------+

Top non-repeatable levels by time:
     D:2: 2018 daAuts
     D:1: 1191 daAuts
     D:3: 176 daAuts
